AoeStats
← YNWA27

Arena

507686706Analyzed
1v1 RM · 12d ago on Sep 19, 2026· 47m 27s· 2 players
Game mode
Random Map
Map size
Tiny (2 player)
Population
200
Speed
Normal
Resources
Standard
Victory
Conquest
Starting age
Dark Age
Ending age
Imperial Age
RankedLock teamsTeams togetherTeam positionsShared explorationLock speedFull tech treeHidden civsTurbo modeCheats
Victory
Defeat
🇨🇳 Burgundians · China
1312
+15
🇩🇪 Bohemians · Germany
1286
-15
YNWA27
10:23 Feudal Age
14:13 Castle Age
12:34 Double-Bit Axe
12:56 Horse Collar
16:50 Wheelbarrow
18:15 Fervor
21:25 Loom
21:27 Town Watch
22:36 Bow Saw
22:37 Heavy Plow
25:34 Hand Cart
25:16 Pikeman
29:10 Imperial Age
27:37 Scale Mail Armor
27:48 Forging
29:23 Halberdier
30:20 Chain Mail Armor
30:41 Iron Casting
30:26 Squires
30:12 Arson
31:47 Chemistry
31:08 Ballistics
30:59 Fortified Wall
31:00 Masonry
30:46 Murder Holes
34:40 Plate Mail Armor
35:12 Blast Furnace
34:54 Houfnice
36:40 Conscription
43:04 Sanctity
46:05 Padded Archer Armor
snailwidely
6:24 Double-Bit Axe
8:03 Horse Collar
10:38 Feudal Age
14:39 Castle Age
13:04 Bow Saw
22:27 Two-Man Saw
22:08 Heavy Plow
23:11 Wheelbarrow
22:24 Loom
23:53 Town Watch
26:24 Gold Mining
27:47 Husbandry
28:08 Scale Barding Armor
29:02 Hand Cart
29:27 Chain Barding Armor
31:57 Imperial Age
28:54 Cavalier
31:14 Forging
32:40 Iron Casting
32:30 Ballistics
32:23 Masonry
32:25 Fortified Wall
33:59 Chemistry
33:56 Padded Archer Armor
34:33 Plate Barding Armor
34:59 Blast Furnace
35:01 Conscription
34:39 Paladin
36:24 Padded Archer Armor
Connection lost

Rejoining the realm…

Still unreachable

The connection could not be restored.

Session expired

The server has moved on; the page needs a fresh start.